 Dungeon Sprint DCSS version 0.21.1-1-g345015fe64 (webtiles) character file.

8526 Jannitor the Warrior (level 11, -2/153 HPs)
             Began as a Demonspawn Gladiator on May 23, 2018.
             Was a High Priest of Uskayaw.
             Killed from afar by a quicksilver dragon (29 damage)
             ... with a bolt of dispelling energy
             ... in the Dungeon (Sprint V: "Ziggurat Sprint").
             The game lasted 00:07:28 (1183 turns).

Jannitor the Warrior (Demonspawn Gladiator)         Turns: 1183, Time: 00:07:29

Health: -2/153     AC: 10    Str: 25    XL:     11   Next: 11%
Magic:  19/21      EV: 21    Int:  9    God:    Uskayaw [*****.]
Gold:   0          SH: 19    Dex: 23    Spells: 4/20 levels left

rFire    + . .     SeeInvis .   F - +5 quick blade
rCold    . . .     Gourm    .   I - +3 shield
rNeg     . . .     Faith    .   N - +0 troll leather armour
rPois    +         Spirit   .   (helmet restricted)
rElec    +         Reflect  +   K - +2 cloak {MR+}
rCorr    .         Harm     .   Q - +1 pair of gloves {Dex+3}
MR       +....     NoTele   +   (no boots)
Stlth    ..........             a - amulet of Sempaq Wecuh {Reflect Int-2 Dex+3 Slay+5 SH+3}
HPRegen  0.75/turn              A - +6 ring of strength
MPRegen  0.17/turn              J - ring "Wumosius" {rElec rPois rF+}

@: berserking (expiring), very slightly contaminated, studying 2 skills, very
quick
A: antennae 2, claws 1, hooves 1, foul stench 2, rot immunity
a: Stomp, Line Pass, Grand Finale, Renounce Religion


You were in the Dungeon.
You worshipped Uskayaw.
Uskayaw was pleased with you.
You were hungry.

You visited 1 branch

Inventory:

Hand Weapons
 F - a +5 quick blade (weapon)
Missiles
 d - 3 throwing nets (quivered)
Armour
 G - a +5 crystal plate armour
 H - +5 gold dragon scales
 I - a +3 shield (worn)
 K - a +2 cloak of magic resistance (worn)
 N - a +0 troll leather armour (worn)
 P - the +2 pair of boots of the Spheres {Str+4 Int+5}
   (You found it in the Dungeon)

   It affects your strength (+4).
   It affects your intelligence (+5).
 Q - a +1 pair of gloves of dexterity (worn)
 Z - a +0 buckler of protection
Jewellery
 a - the amulet of Sempaq Wecuh (around neck) {Reflect Int-2 Dex+3 Slay+5 SH+3}
   (You found it in the Dungeon)

   [amulet of reflection]

   It shields you and reflects attacks.
   It affects your intelligence (-2).
   It affects your dexterity (+3).
   It affects your accuracy and damage with ranged weapons and melee attacks
   (+5).
   It affects your SH (+3).
 z - a +6 ring of intelligence
 A - a +6 ring of strength (left hand)
 B - a +6 ring of strength
 J - the ring "Wumosius" (right hand) {rElec rPois rF+}
   (You found it in the Dungeon)

   [ring of poison resistance]

   It protects you from fire.
   It insulates you from electricity.
   It protects you from poison.
 L - the amulet "Puak" {Spirit MP+9}
   (You found it in the Dungeon)

   [amulet of guardian spirit]

   It causes incoming damage to be split between your health and magic.
   It affects your magic capacity (+9).
 U - the ring "Tefi Ass" {rF+ MP+9}
   (You took it off an iron imp in the Dungeon)

   [ring of magical power]

   It protects you from fire.
   It affects your magic capacity (+9).
Wands
 C - a wand of disintegration (7)
 D - a wand of iceblast (7)
 E - a wand of acid (7)
Scrolls
 k - 4 scrolls of blinking
 r - 4 scrolls of amnesia
 s - 7 scrolls of fog
 t - 5 scrolls of identify
 u - 5 scrolls of remove curse
 v - 2 scrolls of fear
 R - a scroll of brand weapon
 S - 4 scrolls of enchant armour
Potions
 e - 10 potions of curing
 g - 10 potions of heal wounds
 h - 6 potions of haste
 i - 7 potions of magic
 j - 2 potions of berserk rage
 l - 2 potions of brilliance
 m - a potion of invisibility
 n - 4 potions of resistance
 p - 5 potions of agility
 q - a potion of might
Books
 O - a manual of Fighting
 V - a manual of Long Blades
 W - a book of Party Tricks

   Spells                             Type                      Level
   a - Summon Butterflies             Summoning                    1
   b - Apportation                    Translocation                1
   c - Lesser Beckoning               Translocation                3
   d - Tukima's Dance                 Hexes                        3
   e - Alistair's Intoxication        Transmutation/Poison         5
   f - Invisibility                   Hexes                        6
 X - the Guide on Enhancements
   (You found it in the Dungeon)

   Spells                             Type                      Level
   a - Infusion                       Charms                       1
   b - Swiftness                      Charms/Air                   2
   c - Song of Slaying                Charms                       2
   d - Excruciating Wounds            Charms/Necromancy            5
Miscellaneous
 T - a phantom mirror
 Y - 2 sacks of spiders
Comestibles
 f - 7 rations


   Skills:
 + Level 15.0 Fighting
 + Level 11.6 Short Blades
 - Level 1.7 Throwing
 + Level 4.1 Armour
 + Level 10.7 Dodging
 + Level 10.3 Shields
 + Level 5.1 Spellcasting
 + Level 5.1 Transmutations
 + Level 13.5 Invocations


You had 4 spell levels left.
You knew the following spells:

 Your Spells              Type           Power        Failure   Level  Hunger
a - Alistair's Intoxicat  Tmut/Pois      #.......     99%         5    ######.
b - Lesser Beckoning      Tloc           #.........   83%         3    ###....
c - Song of Slaying       Chrm           #.......     58%         2    ##.....
d - Summon Butterflies    Summ           #.......     45%         1    #......
e - Excruciating Wounds   Chrm/Necr      #.........   100%        5    ######.


Dungeon Overview and Level Annotations

Branches:
Dungeon (1/1)

Altars:
Ashenzari
Cheibriados
Dithmenos
Elyvilon
Fedhas
Gozag
Hepliaklqana
Kikubaaqudgha
Makhleb
Nemelex Xobeh
Okawaru
Qazlal
Ru
Sif Muna
Trog
Uskayaw
Vehumet
Wu Jian
Xom
Yredelemnul
Zin
The Shining One
Beogh
Jiyva
Lugonu

Annotations:
D 1 transporter


Innate Abilities, Weirdness & Mutations

You have a pair of antennae on your head.
You have sharp fingernails.
You have large cloven feet.
You frequently emit foul miasma when damaged in melee.
You are immune to rotting.


Message History

Your Armour skill increases to level 4!
Your Spellcasting skill increases to level 5!
Your Transmutations skill increases to level 5!
You have reached level 11!
Your demonic ancestry asserts itself...
Your fingernails lengthen.
You are too berserk!
Unknown command.
Unknown command.
Found a transporter.
You see here an iron dragon corpse.
You puncture the quicksilver dragon!
Your kick misses the quicksilver dragon.
The quicksilver dragon is lightly wounded.
You puncture the quicksilver dragon!
Your kick misses the quicksilver dragon.
The quicksilver dragon is moderately wounded.
The quicksilver dragon breathes dispelling energy at you.
The bolt of dispelling energy hits you!
You die...

▓▓▓▓▓▓▓▓▓▓▓▓▓▓▓▓▓▓
▓...8©8...▓...8©8...
▓..:})})..▓..=)|:)..
▓..[)}))..▓....}::..
▓.EE......▓.........
▓...D8....▓.........
▓...).....▓.........
▓...D.....▓)†.......
▓..@......▓)▓.....▓.
▓..)......▓.)†.©....
▓....©....▓▓▓▓▓▓▓▓▓▓
▓▓▓▓▓▓▓▓▓▓▓


{{{{{{{{ {{{{{{{{{ {{ {{{{{{{{ You could see an iron golem, 2 quicksilver
dragons and 2 earth elementals.

Vanquished Creatures
  An iron dragon (D)
  A crystal guardian (D)
  A vault guard (D)
  An iron golem (D)
  A deep elf knight (D)
  A harpy (D)
  2 wolf spiders (D)
  2 gargoyles (D)
  A yaktaur (D)
  3 jumping spiders (D)
  4 spriggans (D)
  A naga (D)
  2 hell hounds (D)
  A water moccasin (D)
  An orc warrior (D)
  4 black bears (D)
  A wolf (D)
  6 scorpions (D)
  2 orc priests (D)
  2 iron imps (D)
  6 orc wizards (D)
  An adder (D)
  2 ufetubi (D)
  An adder skeleton (D)
  6 orcs (D)
  A ball python (D)
  A bat zombie (D)
  2 ball python skeletons (D)
  A quokka simulacrum (D)
59 creatures vanquished.

Notes
Turn   | Place    | Note
-------+----------+-------------------------------------------
     0 | D        | Found the +6 Majin-Bo {vamp, Archmagi MP+6 Int+6}
     0 | D        | Found the +7 great mace "Firestarter" {inner flame, rF++}
     0 | D        | Jannitor the Demonspawn Gladiator began the quest for the Orb.
     0 | D        | Reached XP level 1. HP: 16/16 MP: 1/1
     0 | D        | Found a deep blue altar of Sif Muna.
     0 | D        | Found a sacrificial altar of Ru.
     0 | D        | Found a bloodstained altar of Trog.
     0 | D        | Found a stormy altar of Qazlal.
     0 | D        | Found an iron altar of Okawaru.
     0 | D        | Found a sparkling altar of Nemelex Xobeh.
     0 | D        | Found a blossoming altar of Fedhas.
     2 | D        | Found a transporter.
     2 | D        | Found an ancient bone altar of Kikubaaqudgha.
     2 | D        | Found a viscous altar of Jiyva.
     2 | D        | Found a corrupted altar of Lugonu.
     2 | D        | Found a hazy altar of Hepliaklqana.
     2 | D        | Found a burning altar of Makhleb.
     2 | D        | Found an opulent altar of Gozag.
    19 | D        | Found the +9 heavy crossbow "Sniper" {velocity, Acc+∞ SInv}
    19 | D        | Found the +10 dark maul {crush}
    19 | D        | Found the +15 Maxwell's patent armour {-Cast -Tele rElec MR+ rCorr}
    19 | D        | Found the +18 shield of the Gong {rElec rN+ MR+ EV-5}
    19 | D        | Found the cursed +14 obsidian axe {chop, +Fly SInv *Curse}
    20 | D        | Found the +6 shillelagh "Devastator" {shatter}
    20 | D        | Found the +11 plutonium sword {*Contam Stlth-}
    20 | D        | Found the +8 lance "Wyrmbane" {slay drac, rPois rF+ rC+ AC+3}
    20 | D        | Found the +9 sword of Zonguldrok {reap}
    20 | D        | Found the cursed +13 scythe of Curses {drain, *Curse}
    20 | D        | Found the +0 sword of Power
    20 | D        | Found the +2 mace of Variability {chaos}
    20 | D        | Found the +7 Singing Sword
    20 | D        | Found the +7 longbow "Piercer" {penet, EV-2}
    43 | D        | Became a worshipper of Uskayaw the Reveler
    86 | D        | Reached skill level 5 in Fighting
    86 | D        | Reached skill level 5 in Short Blades
    86 | D        | Gained mutation: You are immune to rotting. [demonic ancestry]
    86 | D        | Reached XP level 2. HP: 27/27 MP: 2/2
   112 | D        | Entered arena 2.
   112 | D        | Noticed a scorpion
   112 | D        | Noticed a scorpion
   112 | D        | Found a transporter.
   120 | D        | Reached * piety under Uskayaw
   122 | D        | Killed a scorpion
   122 | D        | Reached skill level 6 in Fighting
   122 | D        | Reached skill level 1 in Shields
   122 | D        | Gained mutation: You may emit foul miasma when damaged in melee. [demonic ancestry]
   122 | D        | Reached XP level 3. HP: 28/34 MP: 3/3
   122 | D        | Reached ** piety under Uskayaw
   125 | D        | Killed a scorpion
   125 | D        | Reached XP level 4. HP: 32/41 MP: 4/4
   125 | D        | Reached *** piety under Uskayaw
   279 | D        | Entered arena 3.
   279 | D        | Found a transporter.
   299 | D        | Gained mutation: You have large cloven feet. [demonic ancestry]
   299 | D        | Reached XP level 5. HP: 38/47 MP: 4/6
   304 | D        | Got the ring "Wumosius" {rElec rPois rF+}
   320 | D        | Entered arena 4.
   320 | D        | Noticed a water moccasin
   320 | D        | Noticed a naga
   320 | D        | Found a transporter.
   325 | D        | Reached skill level 7 in Fighting
   328 | D        | Killed a water moccasin
   328 | D        | Reached skill level 5 in Dodging
   331 | D        | Killed a naga
   331 | D        | Reached skill level 8 in Fighting
   331 | D        | Reached skill level 5 in Shields
   331 | D        | Reached skill level 5 in Invocations
   331 | D        | Gained mutation: You have a pair of small antennae on your head. [demonic ancestry]
   331 | D        | Reached XP level 6. HP: 46/56 MP: 6/10
   331 | D        | Reached **** piety under Uskayaw
   347 | D        | Entered arena 5.
   347 | D        | Found a transporter.
   471 | D        | Entered arena 6.
   471 | D        | Found a transporter.
   593 | D        | Entered arena 7.
   593 | D        | Noticed a vault guard
   593 | D        | Noticed a harpy
   593 | D        | Noticed a wolf spider
   593 | D        | Noticed a yaktaur
   593 | D        | Noticed a deep elf knight
   594 | D        | Found a transporter.
   600 | D        | Killed a wolf spider
   600 | D        | Reached skill level 9 in Fighting
   600 | D        | Gained mutation: You frequently emit foul miasma when damaged in melee. [demonic ancestry]
   600 | D        | Reached XP level 7. HP: 65/65 MP: 10/13
   603 | D        | Killed a harpy
   603 | D        | Reached skill level 10 in Fighting
   603 | D        | Reached XP level 8. HP: 44/74 MP: 10/14
   607 | D        | Killed a yaktaur
   607 | D        | Reached skill level 11 in Fighting
   607 | D        | Reached ***** piety under Uskayaw
   610 | D        | Killed a vault guard
   610 | D        | Reached skill level 12 in Fighting
   610 | D        | Reached skill level 10 in Short Blades
   610 | D        | Reached skill level 10 in Invocations
   610 | D        | Reached XP level 9. HP: 49/82 MP: 10/17
   613 | D        | Killed a deep elf knight
   613 | D        | Reached ****** piety under Uskayaw
   622 | D        | Got the amulet "Puak" {Spirit MP+9}
   626 | D        | Got the +2 pair of boots of the Spheres {Str+4 Int+5}
   755 | D        | Entered arena 8.
   756 | D        | Found a transporter.
   774 | D        | Reached skill level 13 in Fighting
   821 | D        | Entered arena 9.
   822 | D        | Found a transporter.
   846 | D        | Got the ring "Tefi Ass" {rF+ MP+9}
   868 | D        | Learned a level 5 spell: Alistair's Intoxication
   872 | D        | Learned a level 3 spell: Lesser Beckoning
   874 | D        | Identified the Guide on Enhancements (You found it in the Dungeon)
   874 | D        | Identified the Guide on Enhancements (You found it in the Dungeon)
   877 | D        | Entered arena 10.
   877 | D        | Noticed a wolf spider
   877 | D        | Noticed a jumping spider
   877 | D        | Noticed a jumping spider
   877 | D        | Noticed a jumping spider
   892 | D        | Killed a wolf spider
   892 | D        | Reached skill level 1 in Spellcasting
   892 | D        | Reached skill level 1 in Transmutations
   896 | D        | Found a transporter.
   908 | D        | Killed a jumping spider
   908 | D        | Gained mutation: You have a pair of antennae on your head. [demonic ancestry]
   908 | D        | Reached XP level 10. HP: 35/92 MP: 14/19
  1050 | D        | Entered arena 11.
  1064 | D        | Reached skill level 10 in Dodging
  1065 | D        | Reached skill level 1 in Armour
  1066 | D        | Found a transporter.
  1070 | D        | Reached skill level 14 in Fighting
  1125 | D        | Got the amulet of Sempaq Wecuh {Reflect Int-2 Dex+3 Slay+5 SH+3}
  1146 | D        | Learned a level 2 spell: Song of Slaying
  1148 | D        | Learned a level 1 spell: Summon Butterflies
  1154 | D        | Learned a level 5 spell: Excruciating Wounds
  1155 | D        | Entered arena 12.
  1155 | D        | Noticed an iron golem
  1155 | D        | Noticed a crystal guardian
  1155 | D        | Noticed a gargoyle
  1155 | D        | Noticed an iron dragon
  1155 | D        | Noticed a gargoyle
  1170 | D        | Killed a crystal guardian
  1171 | D        | Killed an iron golem
  1171 | D        | Reached skill level 10 in Shields
  1172 | D        | Noticed a quicksilver dragon
  1172 | D        | Noticed an iron golem
  1172 | D        | Noticed a quicksilver dragon
  1173 | D        | Killed a gargoyle
  1175 | D        | Killed a gargoyle
  1180 | D        | Killed an iron dragon
  1180 | D        | Reached skill level 15 in Fighting
  1180 | D        | Reached skill level 5 in Spellcasting
  1180 | D        | Reached skill level 5 in Transmutations
  1180 | D        | Gained mutation: You have sharp fingernails. [demonic ancestry]
  1180 | D        | Reached XP level 11. HP: 26/102 MP: 19/21
  1181 | D        | Found a transporter.
  1183 | D        | Killed from afar by a quicksilver dragon

Skill      XL: |  1  2  3  4  5  6  7  8  9 10 |
---------------+-------------------------------+-----
Fighting       | 5 6 8 9 10 12 13 15 | 15.0
Short Blades   | 5 6 7 8 9 10 11 | 11.6
Dodging        | 3 4 5 7 8 9 10 | 10.7
Shields        | 1 3 5 6 7 8 9 10 | 10.3
Invocations    | 2 5 8 9 10 12 13 | 13.5
Spellcasting   | 2 5 |  5.1
Transmutations | 2 5 |  5.1
Armour         | 4 |  4.1
Throwing       | |  1.7

Action                   |  1- 3 |  4- 6 |  7- 9 | 10-12 || total
-------------------------+-------+-------+-------+-------++-------
Melee: Quick blade       |    10 |    56 |    93 |    54 ||   213
       Kick              |       |    14 |    33 |    27 ||    74
  Use: Potion            |     2 |     2 |       |     3 ||     7
 Stab: Paralysed         |       |     3 |    14 |     7 ||    24
       Invisible         |       |       |       |     1 ||     1
Armor: Leather armour    |     1 |     8 |       |       ||     9
       Troll leather arm |       |       |    16 |     6 ||    22
Dodge: Dodged            |     1 |    28 |    22 |    16 ||    67
Block: Shield            |     7 |    35 |    32 |    22 ||    96
